 Dungeon Crawl Stone Soup version 0.29.1-15-g9cfb28693d (webtiles) character file.

Game seed: 6895814615295400356

1 monsoonserge the Sneak (level 1, -1/22 HPs)
             Began as a Troll Delver on Apr 28, 2023.
             Slain by a hound (5 damage)
             ... on level 5 of the Dungeon.
             The game lasted 00:00:31 (24 turns).

monsoonserge the Sneak (Troll Delver)                 Turns: 24, Time: 00:00:32

Health: -1/22      AC:  4    Str: 19    XL:     1   Next: 16%
Magic:  0/0        EV:  9    Int:  6    God:
Gold:   0          SH:  0    Dex: 11    Spells: 0/0 levels left

rFire   . . .      SeeInvis .   a - +0 mace
rCold   . . .      Faith    .   (no shield)
rNeg    . . .      Spirit   .   b - +0 robe
rPois   .          Reflect  .   (helmet restricted)
rElec   .          Harm     .   (no cloak)
rCorr   .          Rampage  .   (gloves unavailable)
Will    .....                   (boots unavailable)
Stlth   ++........              (no amulet)
HPRegen 0.87/turn               (no ring)
MPRegen 0.07/turn               (no ring)

@: no status effects
A: large, unfitting armour, claws 3, regeneration 1, shaggy fur 1, tough skin 1
a: no special abilities


You were on level 5 of the Dungeon.
You visited 1 branch of the dungeon, and saw 1 of its levels.

Inventory:

Hand Weapons
 a - a +0 mace (weapon)
Armour
 b - a +0 robe (worn)
Wands
 g - a wand of digging (3)
Scrolls
 c - a scroll of fog
 e - a scroll of fear
Potions
 f - a potion of haste


   Skills:
 + Level 2.4 Fighting
 + Level 1.7 Maces & Flails
 + Level 1.5 Dodging
 + Level 2.8 Stealth


You couldn't memorise any spells.
You didn't know any spells.
Your spell library was empty.

Dungeon Overview and Level Annotations

Branches:
Dungeon (5/15)
 Temple: D:4-7

Altars:


Innate Abilities, Weirdness & Mutations

You are too large for most types of armour.
You have claws for hands.
Your natural rate of healing is unusually fast.
You are covered in fur. (AC +1)
You have tough skin. (AC +1)


Message History

The howler monkey barely misses you.
An adder comes into view.
You hit the howler monkey.
The howler monkey is moderately wounded.
The howler monkey hits you.
The howler monkey hits you but does no damage.
You closely miss the howler monkey.
The howler monkey is moderately wounded.
The howler monkey hoots and howls with incredible vigour!
The howler monkey barely misses you.
You hear a bark!
You hear a shout!
You hear an angry hiss.
You hear a shout! x2
You closely miss the howler monkey.
The howler monkey is moderately wounded.
The howler monkey hits you.
You closely miss the howler monkey.
The howler monkey is moderately wounded.
The howler monkey barely misses you. The adder bites you but does no damage.
The howler monkey hoots and howls with incredible vigour!
You hit the howler monkey.
The howler monkey is heavily wounded.
The adder bites you. The howler monkey hits you. The adder barely misses you.
You closely miss the howler monkey.
The howler monkey is heavily wounded.
The howler monkey hits you. The adder bites you but does no damage.
The howler monkey hoots and howls with incredible vigour!
The adder bites you.
You hear a shout!
You hit the howler monkey.
The howler monkey is heavily wounded.
The hound misses you. The howler monkey closely misses you.
The adder bites you. The hound barely misses you.
You hit the howler monkey.
The howler monkey is severely wounded.
The hound bites you.
* * * LOW HITPOINT WARNING * * *
The adder bites you.
* * * LOW HITPOINT WARNING * * *
The howler monkey hits you but does no damage.
The hound bites you.
You die...

,,,***8***,,,,,,,,,,*
,,,,,***,**#######.#####**
,,,,,,,,,* #............,*
,,,,,,,#####............,*
,,,,,,.....#............,*
,,,,,.................#***
,,,,,.................#
,,,,,..........h......#
,,,,,..........h@.....#
,,,,,..........S......#
,,,,,.................#
,,,,,.................#
,,,,,....##...........#
,,,,,.................#
,,,,,....#............#
,,,,,...,##...........#
*****###.##..#####.#.##


You could see a howler monkey (catching breath), a hound and an adder.

Vanquished Creatures
  A quokka (D:5)
1 creature vanquished.

Notes
Turn   | Place    | Note
-------+----------+-------------------------------------------
     0 | D:5      | monsoonserge the Troll Delver began the quest for the Orb.
     0 | D:5      | Reached XP level 1. HP: 22/22 MP: 0/0
     6 | D:5      | Noticed a hound
     8 | D:5      | Noticed a howler monkey
    24 | D:5      | Slain by a hound

Illustrated notes

Levels and vault maps discovered:
D:5:      layout_basic, gammafunk_temple_overflow_statue

Action                   || total
-------------------------++-------
Melee: Mace              ||    12
  Use: Scroll            ||     1
Armor: Robe              ||     7
Dodge: Dodged            ||     7
